 Dungeon Crawl Stone Soup version 0.22-a0-558-gc224181 (webtiles) character file.

642 iamserjio the Covered (level 7, 3/44 HPs)
             Began as a Gargoyle Fighter on June 27, 2018.
             Was an Initiate of Makhleb.
             Quit the game on level 5 of the Dungeon.
             The game lasted 00:06:09 (1004 turns).

iamserjio the Covered (Gargoyle Fighter)            Turns: 1004, Time: 00:06:10

Health: 3/44       AC: 16    Str: 19    XL:     7   Next: 51%
Magic:  7/7        EV:  5    Int: 11    God:    Makhleb [......]
Gold:   33         SH:  9    Dex: 11    Spells: 6/6 levels left

rFire    . . .     SeeInvis .   a - +0 war axe
rCold    . . .     Gourm    .   c - +0 shield
rNeg     + . .     Faith    .   i - +0 chain mail
rPois    ∞         Spirit   .   (helmet restricted)
rElec    +         Reflect  .   (no cloak)
rCorr    .         Harm     .   (no gloves)
MR       .....                  (no boots)
Stlth    ..........             (no amulet)
HPRegen  0.14/turn              l - ring of flight
MPRegen  0.10/turn              (no ring)

@: no status effects
A: beak, molten scales 1, blink, clever 1, negative energy resistance 1,
electricity resistance, unbreathing, petrification resistance, rot immunity, AC
+4
a: Blink, Renounce Religion, Evoke Flight


You were on level 5 of the Dungeon.
You worshipped Makhleb.
Makhleb was noncommittal.
You were very hungry.

You visited 2 branches of the dungeon, and saw 6 of its levels.

You collected 33 gold pieces.

Inventory:

Hand Weapons
 a - a +0 war axe (weapon)
Missiles
 d - a throwing net (quivered) {!f}
 e - 2 javelins
Armour
 b - a +0 scale mail
 c - a +0 shield (worn)
 i - a +0 chain mail (worn)
Jewellery
 l - a ring of flight (left hand)
Scrolls
 k - a scroll of teleportation {unknown}
Comestibles
 f - 2 rations


   Skills:
 + Level 5.2 Fighting
 * Level 5.2 Axes
 + Level 5.3 Armour
 - Level 4.0 Shields


You had 6 spell levels left.
You didn't know any spells.
Your spell library was empty.

Dungeon Overview and Level Annotations

Branches:
Dungeon (5/15)             Temple (1/1) D:5

Altars:
Ashenzari
Cheibriados
Elyvilon
Fedhas
Gozag
Hepliaklqana
Kikubaaqudgha
Makhleb
Okawaru
Uskayaw
Vehumet
Yredelemnul
The Shining One

Annotations:
D:3 1 runed door, pk666's ghost, amateur DEWz


Innate Abilities, Weirdness & Mutations

You are resistant to torment.
Your stone body is resilient. (AC +4)
You are immune to poison.
You resist negative energy. (rN+)
You are resistant to electric shocks. (rElec)
You can survive without breathing.
You are immune to petrification.
You are immune to rotting.
You have a beak for a mouth.
You are partially covered in molten scales. (AC +2)
You can translocate small distances at will.
Your mind is acute. (Int +2)


Message History

Found 20 gold pieces.
A leopard gecko, an orc and an orc priest come into view.
The leopard gecko hisses angrily.
The orc priest shouts!
The orc shouts!
An orc wizard comes into view. It is wielding a dagger. x2
The orc wizard casts a spell at you. The puff of flame hits you!
* * * LOW HITPOINT WARNING * * *
The orc wizard shouts!
The orc priest looks braver for a moment.
The orc wizard casts a spell.
The orc wizard seems to speed up.
The orc wizard points at you and mumbles some strange words.
The puff of frost hits you!
* * * LOW HITPOINT WARNING * * *
The orc priest calls upon Beogh to heal the orc.
The orc's wounds heal themselves!
A worker ant and a skeleton come into view.
You aren't carrying any items that you can evoke.
Unknown command.
Are you sure you want to abandon this character and quit the game? (Confirm with "yes".)

..#....## #.#
........## ###.....#...
.........###.#.....#..#
.....#....#..........#
...####.............#
[### ##...........# ##
###.........# P##
##..........# .P#
#......o..o@#
.P#.......olo###..#
.P#.........## #..#
P##......$.## ##..#
##.......o.# #Za.
........## .... .......
...## #..... ..##


You could see a worker ant, 2 orc wizards, 2 orcs, a leopard gecko and a
bullfrog skeleton.

Vanquished Creatures
  Menkaure (D:4)
  A sky beast (D:5)
  3 scorpions
  A hound (D:4)
  A quasit (D:3)
  An orc wizard (D:5)
  A bullfrog skeleton (D:4)
  2 worker ants
  3 gnolls (D:4)
  4 adders
  2 oozes
  A dart slug (D:2)
  3 leopard geckos
  3 orcs
  3 ball pythons
  2 giant cockroaches
  2 goblins
  4 hobgoblins
  4 jackals (D:5)
  2 quokkas
  4 frilled lizards
  A rat (D:3)
49 creatures vanquished.

Vanquished Creatures (others)
  A plant (D:5)
1 creature vanquished.

Grand Total: 50 creatures vanquished

Notes
Turn   | Place    | Note
-------+----------+-------------------------------------------
     0 | D:1      | iamserjio the Gargoyle Fighter began the quest for the Orb.
     0 | D:1      | Reached XP level 1. HP: 14/14 MP: 1/1
   142 | D:2      | Reached XP level 2. HP: 19/19 MP: 2/2
   254 | D:3      | Reached XP level 3. HP: 24/24 MP: 3/3
   279 | D:3      | Found a runed door.
   281 | D:3      | Reached XP level 4. HP: 29/29 MP: 4/4
   286 | D:3      | Noticed pk666's ghost (amateur DEWz)
   499 | D:4      | Reached XP level 5. HP: 32/33 MP: 5/5
   535 | D:4      | Noticed Menkaure
   548 | D:4      | Killed Menkaure
   548 | D:4      | Reached XP level 6. HP: 13/39 MP: 6/6
   665 | D:5      | Entered Level 5 of the Dungeon
   665 | D:5      | Found a staircase to the Ecumenical Temple.
   668 | Temple   | Entered the Ecumenical Temple
   699 | Temple   | Became a worshipper of Makhleb the Destroyer
   758 | D:5      | Found a basalt altar of Yredelemnul.
   771 | D:5      | Reached XP level 7. HP: 18/44 MP: 7/7
   838 | D:5      | Reached skill level 5 in Fighting
   838 | D:5      | Reached skill level 5 in Axes
   838 | D:5      | Reached skill level 5 in Armour
   972 | D:5      | Gained mutation: You can translocate small distances at will. [potion of mutation]
   972 | D:5      | Gained mutation: Your mind is acute. (Int +2) [potion of mutation]
   972 | D:5      | Gained mutation: You are partially covered in molten scales. (AC +2) [potion of mutation]
   972 | D:5      | Gained mutation: You have a beak for a mouth. [potion of mutation]
  1004 | D:5      | Quit the game

Vault maps used:
D:1:      dpeg_arrival_orchard
D:2:      grunt_decor_mini_mirrors, minmay_tripent
D:3:      ebering_ghost_reflecting_pool
D:4:      palyth_stone_intersect, minmay_bisected, uniq_pikel, uniq_menkaure,
          uniq_ijyb
D:5:      yredelemnul_forgotten_temple_becter,
          minmay_temple_entry_enclosed_plants, cheibrodos_sewer_entry_bend,
          first_ration, columned_hall_lemuel
Temple:   kilobyte_greek_temple

Skill      XL: |  1  2  3  4  5  6  7 |
---------------+----------------------+-----
Axes           | 2 3 4 5 |  5.2
Fighting       | 4 5 |  5.2
Armour         | 4 5 |  5.3
Shields        | 4 |  4.0

Action                   |  1- 3 |  4- 6 |  7- 9 || total
-------------------------+-------+-------+-------++-------
Melee: War axe           |    88 |   101 |    46 ||   235
  Use: Potion            |     4 |     1 |     2 ||     7
       Scroll            |       |       |     2 ||     2
Armor: Chain mail        |   118 |    88 |    51 ||   257
       Scale mail        |     4 |       |       ||     4
Dodge: Dodged            |    55 |    40 |    14 ||   109
Block: Shield            |    94 |    60 |    28 ||   182

Table legend:
 A = Spawn XP
 B = Non-spawn XP
 C = Spawn XP percentage of total XP
 D = Spawn monster count
 E = Non-spawn monster count
 F = Spawn count percentage of total count
 G = Total turns spent on level
                    A         B        C        D         E        F      G
               +---------+---------+-------+---------+---------+-------+---------
         Total |       0 |     918 |   0.0 |       0 |      49 |   0.0 |  1004
               +---------+---------+-------+---------+---------+-------+---------
           D:1 |       0 |       6 |   0.0 |       0 |       3 |   0.0 |   124
           D:2 |       0 |      24 |   0.0 |       0 |       6 |   0.0 |    77
           D:3 |       0 |      69 |   0.0 |       0 |      11 |   0.0 |   242
           D:4 |       0 |     411 |   0.0 |       0 |      13 |   0.0 |   239
           D:5 |       0 |     408 |   0.0 |       0 |      16 |   0.0 |   260
               +---------+---------+-------+---------+---------+-------+---------
